 Dungeon Crawl Stone Soup version bcrawl-1.35.5c (webtiles) character file.

Game seed: 11699042684311123130

303070 Artagas the Cleaver (level 10, 0/83 HPs)
             Began as a Barachi Chaos Knight on Mar 15, 2022.
             Was a Priest of Okawaru.
             Succumbed to a killer bee's poison
             ... on level 7 of the Dungeon.
             The game lasted 00:34:04 (9214 turns).

Artagas the Cleaver (Barachi Chaos Knight)          Turns: 9214, Time: 00:34:04

Health: 0/83       AC: 15    Str: 18    XL:     10   Next: 84%
Magic:  23/23      EV:  2    Int: 12    God:    Okawaru [***...]
Gold:   339        SH: 15    Dex: 16    Spells: 9/9 levels left

rFire    . . .     SeeInvis .   j - +0 hand axe
rCold    . . .     Gourm    .   g - +0 large shield
rNeg     . . .     Faith    .   c - +3 ring mail of Jedet {MP+9 Dex+5}
rPois    .         Spirit   .   (helmet restricted)
rElec    .         Reflect  .   (no cloak)
rCorr    .                      (no gloves)
MR       .....                  C - +1 pair of boots
Stlth    +.........             (no amulet)
HPRegen  0.23/turn              (no ring)
MPRegen  0.18/turn              (no ring)

@: lethally poisoned (0 -> -14), can't hop, very slightly contaminated, slow
A: +LOS, swims, antennae 1, beak, slimy green scales 1, yellow scales 1, blink,
slowness 1, wild magic 1, sturdy frame 1, strong legs 1
a: Hop, Blink, Heroism, Renounce Religion


You were on level 7 of the Dungeon.
You worshipped Okawaru.
Okawaru was most pleased with you.
You were not hungry.

You visited 1 branch of the dungeon, and saw 8 of its levels.

You collected 555 gold pieces.
You spent 216 gold pieces at shops.

Inventory:

Hand Weapons
 a - a +1 hand axe of chaos
 j - a +0 hand axe (weapon)
   (You took it off an orc on level 3 of the Dungeon)
 u - a +2 flail of protection
   (You took it off an orc on level 4 of the Dungeon)
 G - a +0 hunting sling
   (You found it on level 5 of the Dungeon)
Missiles
 I - 3 throwing nets {=f}
Armour
 b - a +2 leather armour
 c - the +3 ring mail of Jedet (worn) {MP+9 Dex+5}
   (Xom gifted it to you on level 8 of the Dungeon)

   It affects your dexterity (+5).
   It affects your magic capacity (+9).
 d - a +1 leather armour of poison resistance
   (You found it on level 1 of the Dungeon)
 g - a +0 large shield (worn)
   (You found it on level 3 of the Dungeon)
 k - a +0 scale mail
   (You took it off an orc on level 3 of the Dungeon)
 m - a +0 helmet
   (You took it off Robin on level 4 of the Dungeon)
 v - a +1 ring mail of fire resistance
   (You took it off an orc on level 4 of the Dungeon)
 x - the +4 ring mail "Beisydd" {rN+}
   (You found it on level 4 of the Dungeon)

   It protects you from negative energy.
 C - a +1 pair of boots (worn)
   (You found it on level 5 of the Dungeon)
 F - a +0 plate armour
   (You found it on level 5 of the Dungeon)
Wands
 r - a wand of disintegration (18)
   (You found it on level 7 of the Dungeon)
 y - a wand of clouds (1)
   (You bought it in a shop on level 4 of the Dungeon)
 D - a wand of iceblast (7)
   (You found it on level 5 of the Dungeon)
Scrolls
 f - a scroll of magic mapping
 h - a scroll of enchant armour {unknown}
 i - 2 scrolls of fog
 l - 4 scrolls of remove curse
 o - a scroll of noise {unknown}
 p - a scroll of fear {unknown}
 t - a scroll of teleportation
 z - a scroll of blinking
 E - a scroll of immolation {unknown}
 H - a scroll of acquirement {unknown}
 J - 2 scrolls of amnesia {unknown}
Potions
 A - a potion of magic
Comestibles
 e - 12 rations {!d}
 q - a chunk of flesh


   Skills:
 - Level 9.0 Fighting
 + Level 11.2 Axes
 - Level 0.2 Throwing
 - Level 6.0 Armour
 - Level 1.1 Dodging
 - Level 0.2 Stealth
 + Level 6.4 Shields
 - Level 4.0 Invocations
 - Level 6.0 Evocations


You had 9 spell levels left.
You didn't know any spells.
Your spell library was empty.

Dungeon Overview and Level Annotations

Branches:
Dungeon (8/12)             Temple (0/1) D:7
   Lair: D:7-9          Orc: D:8-11

Altars:
Cheibriados
Elyvilon
Hepliaklqana
Nemelex Xobeh
Okawaru
Ru
Sif Muna
Vehumet
Xom
Zin

Shops:
D:4 }   D:5 (   D:7 [

Annotations:
D:6 exclusion: statue, Corvidia's ghost, novice CeHu


Innate Abilities, Weirdness & Mutations

You can see and be seen from farther away.
You can swim through water.
You cover ground slowly.
You can hop short distances.
You have a pair of small antennae on your head.
You have a beak for a mouth.
You are partially covered in slimy green scales. (AC +2)
You are partially covered in yellow scales. (AC +2)
You can translocate small distances at will.
Your spells are a little harder to cast, but a little more powerful.
Your movements are slightly less encumbered by armour. (ER -2)


Message History

You hit the killer bee.
You kill the killer bee!
Okawaru accepts your kill.
You slash the killer bee! You closely miss the killer bee.
You feel sick.
Xom's power almost touches on you for a moment.
You do an impromptu tapdance.
You block the killer bee's attack. x2
The killer bee stings you.
The killer bee stings you but does no damage.
You hit the killer bee but do no damage.
Your peck misses the killer bee. You miss the killer bee.
You feel sick. The killer bee stings you. You block the killer bee's attack.
The killer bee stings you.
You are more poisoned.
The killer bee poisons you!
You barely miss the killer bee. Your peck misses the killer bee.
You hit the killer bee.
You feel sick.
The killer bee stings you but does no damage.
You block the killer bee's attack. x3
You hit the killer bee but do no damage.
Your peck misses the killer bee.
The killer bee is severely wounded.
You hit the killer bee but do no damage.
Your shield prevents you from hitting the bullfrog.
You feel sick. You block the killer bee's attack.
The killer bee closely misses you. You block the bullfrog's attack.
You block the killer bee's attack.
You hit the killer bee but do no damage.
You peck the killer bee.
You kill the killer bee!
Okawaru accepts your kill.
You hit the killer bee. You hit the bullfrog.
You feel sick. You block the killer bee's attack.
You block the bullfrog's attack. You block the killer bee's attack.
You closely miss the bullfrog. Your peck misses the bullfrog.
The bullfrog is lightly wounded.
You barely miss the killer bee.
You feel sick. You block the bullfrog's attack.
You block the killer bee's attack. The bullfrog hits you.
You closely miss the bullfrog.
The bullfrog is lightly wounded.
You hit the killer bee.
You feel sick. You block the killer bee's attack.
The killer bee stings you but does no damage.
You block the bullfrog's attack.
You slash the bullfrog! Your peck misses the bullfrog.
The bullfrog is heavily wounded.
You closely miss the killer bee.
You feel sick. You block the killer bee's attack.
You block the bullfrog's attack.
The killer bee stings you but does no damage.
Your shield prevents you from hitting the bullfrog.
Your peck misses the bullfrog.
The bullfrog is heavily wounded.
You closely miss the killer bee.
You feel sick. The killer bee closely misses you.
The bullfrog barely misses you. The killer bee barely misses you.
You block the bullfrog's attack.
You closely miss the bullfrog.
The bullfrog is heavily wounded.
You closely miss the killer bee.
You feel sick. The killer bee stings you.
You are more poisoned.
The killer bee poisons you! The bullfrog hits you!
You hit the bullfrog but do no damage. Your peck misses the bullfrog.
The bullfrog is heavily wounded.
Your shield prevents you from hitting the killer bee.
You feel like a meek peon again.
You feel sick. The killer bee stings you. The bullfrog hits you!
* * * LOW HITPOINT WARNING * * *
The killer bee stings you!
* * * LOW HITPOINT WARNING * * *
You are more poisoned.
The killer bee poisons you!
Okay, then.
Blink to where?
Press: ? - help, Dir - move target cursor You are very lightly contaminated with residual magic.
As you read the scroll of blinking, it crumbles to dust.
* * * LOW HITPOINT WARNING * * *
You feel sick.
Okay, then.
Okay, then.
Okay, then.
Okay, then.
Really quaff the potion of mutation?
You feel extremely strange.
Your magical essence is no longer linked to your wands.
You feel clumsy.
You feel clever. A pair of antennae grows on your head!
You feel less in control of your magic.
Slimy green scales grow over part of your body.
* * * LOW HITPOINT WARNING * * *
You feel sick.
Hop to where?
Press: ? - help, Dir - move target cursor Boing!
* * * LOW HITPOINT WARNING * * *
You feel sick. "See what I see, my child!"
You detect creatures!
* * * LOW HITPOINT WARNING * * *
You feel sick.
A rune on the stairs sparks and fizzles.
You climb upwards.
You die...
Xom giggles madly!

##### # ######### #.... #
##...#...## #.... ###
##.........## #).^. ..##
#...........# #.... ##.##
#..@........####.... ###.#####
#................... ##......##
##..........>...###. .........##
##.............# #. ..........#
####..........# ## ..........#
###...._.....# # ..........#
#............## # ..........#
#####.#.##........# #
....(.....###.....#.##........###


There were no monsters in sight!

Vanquished Creatures
  Pikel (D:6)
  2 centaur zombies
  An eye of draining (D:6)
  A steam dragon (D:6)
  Menkaure (D:7)
  An orc warrior (D:6)
  2 ice beasts (D:7)
  A sky beast (D:5)
  8 ogres
  2 centaurs
  4 bullfrogs
  A big kobold (D:6)
  35 killer bees (D:8)
  4 scorpions
  3 orc priests (D:6)
  3 crimson imps
  5 hounds
  Jessica (D:2)
  3 iguanas
  6 orc wizards
  5 worker ants
  A hound skeleton (D:5)
  Robin (D:4)
  A howler monkey skeleton (D:4)
  5 adders
  4 gnolls (D:4)
  A shadow imp (D:8)
  3 oozes
  An adder zombie (D:5)
  3 worms
  3 dart slugs (D:2)
  3 leopard geckos
  17 orcs
  4 giant cockroaches
  12 goblins
  5 hobgoblins
  5 kobolds
  4 quokkas
  3 ball pythons
  A bat (D:1)
  4 frilled lizards
  A jackal skeleton (D:6)
  4 rats
176 creatures vanquished.

Vanquished Creatures (collateral kills)
  Prince Ribbit (D:7)
  An ogre (D:3)
  2 killer bees (D:8)
  A howler monkey (D:4)
  An adder (D:7)
  6 goblins (D:4)
  A quokka (D:7)
13 creatures vanquished.

Grand Total: 189 creatures vanquished

Notes
Turn   | Place    | Note
-------+----------+-------------------------------------------
     0 | D:1      | Artagas the Barachi Chaos Knight began the quest for the
                  | Orb.
     0 | D:1      | Reached XP level 1. HP: 18/18 MP: 1/1
   149 | D:1      | Reached XP level 2. HP: 25/25 MP: 2/2
   179 | D:1      | Reached skill level 4 in Fighting
   458 | D:1      | XOM: harmless Chrm miscast
   581 | D:1      | Reached skill level 4 in Axes
   733 | D:1      | XOM: harmless Hex miscast
  1046 | D:2      | Reached XP level 3. HP: 30/30 MP: 3/3
  1097 | D:2      | Noticed Jessica
  1101 | D:2      | Killed Jessica
  1115 | D:2      | Noticed a scorpion
  1121 | D:2      | Killed a scorpion
  1122 | D:2      | Reached skill level 5 in Axes
  1122 | D:2      | Reached XP level 4. HP: 37/37 MP: 4/4
  1126 | D:2      | XOM is BORED!
  1126 | D:2      | XOM: medium Fire miscast
  1208 | D:2      | XOM is BORED!
  1208 | D:2      | XOM: mild Erth miscast
  1321 | D:2      | XOM: harmless Tmut miscast
  1444 | D:2      | XOM: noise
  1684 | D:2      | Reached XP level 5. HP: 40/42 MP: 5/5
  1867 | D:2      | XOM: mild Tmut miscast
  2003 | D:2      | XOM: god gift: scroll labeled TOIXZUM EVAKH {god gift}
  2277 | D:3      | Reached skill level 6 in Axes
  2310 | D:3      | Found a white marble altar of Elyvilon.
  2430 | D:3      | XOM: harmless Summ miscast
  2440 | D:3      | Found a shimmering blue altar of Sif Muna.
  2543 | D:3      | XOM: blink monster(s)
  2558 | D:3      | XOM: noise
  2661 | D:3      | XOM: cloud trail
  3175 | D:4      | Noticed an ogre
  3194 | D:3      | XOM: summons 4 friendly demons
  3198 | D:3      | Killed an ogre
  3199 | D:3      | Reached skill level 5 in Fighting
  3199 | D:3      | Reached XP level 6. HP: 17/51 MP: 6/6
  3479 | D:4      | Reached skill level 7 in Axes
  3517 | D:3      | XOM: divination: detect items
  3666 | D:4      | XOM: 2-stop teleportation journey
  3667 | D:4      | Reached skill level 6 in Fighting
  3667 | D:4      | Reached XP level 7. HP: 38/58 MP: 7/7
  3729 | D:4      | XOM: summons 7 friendly demons
  3734 | D:4      | Noticed Robin
  3756 | D:4      | Killed Robin
  3813 | D:4      | Found Xarotim's Gadget Boutique.
  3813 | D:4      | XOM: 8-stop teleportation journey
  3825 | D:4      | Reached skill level 8 in Axes
  3861 | D:4      | Reached skill level 3 in Armour
  3879 | D:4      | Bought a wand of clouds (5) for 216 gold pieces
  3965 | D:4      | Got a jewelled ring mail
  3976 | D:4      | Identified the +4 ring mail "Beisydd" {rN+} (You found it
                  | on level 4 of the Dungeon)
  4331 | D:5      | Entered Level 5 of the Dungeon
  4345 | D:5      | Reached XP level 8. HP: 56/65 MP: 8/8
  4408 | D:5      | Found a snail-covered altar of Cheibriados.
  4427 | D:5      | XOM: divination: magic mapping
  4434 | D:5      | XOM: potion effect (invisibility)
  4440 | D:5      | XOM: potion effect (berserk rage)
  4445 | D:5      | XOM: fog
  4453 | D:5      | Reached skill level 7 in Fighting
  4453 | D:5      | Reached skill level 4 in Armour
  4565 | D:5      | Reached skill level 9 in Axes
  4586 | D:5      | Reached skill level 5 in Armour
  4656 | D:5      | Found an iron altar of Okawaru.
  4659 | D:5      | Found Qit Xib's Antique Weapon Boutique.
  4677 | D:5      | Fell from the grace of Xom
  4677 | D:5      | Became a worshipper of Warmaster Okawaru
  4840 | D:5      | Reached skill level 8 in Fighting
  4864 | D:5      | Found a sparkling altar of Nemelex Xobeh.
  4864 | D:5      | Found a sacrificial altar of Ru.
  5030 | D:6      | Noticed Pikel
  5031 | D:6      | XOM: 1-stop teleportation journey
  5092 | D:6      | Found a radiant altar of Vehumet.
  5172 | D:6      | Reached skill level 10 in Axes
  5172 | D:6      | Reached XP level 9. HP: 74/74 MP: 9/9
  5176 | D:6      | Noticed an eye of draining
  5184 | D:6      | Killed an eye of draining
  5185 | D:6      | Reached skill level 1 in Invocations
  5185 | D:6      | Reached skill level 1 in Evocations
  5323 | D:6      | Reached * piety under Okawaru
  5401 | D:6      | XOM: give mutations
  5401 | D:6      | Gained mutation: You are weak. (Str -2) [Xom's mischief]
  5401 | D:6      | Gained mutation: Scrolls take you a little longer to read.
                  | [Xom's mischief]
  5401 | D:6      | Gained mutation: Your body sometimes deteriorates upon
                  | taking damage. [Xom's mischief]
  5499 | D:6      | XOM: swap monsters
  5511 | D:6      | Reached skill level 2 in Evocations
  5606 | D:6      | Found a transporter.
  5606 | D:6      | XOM: 3-stop teleportation journey
  5644 | D:6      | XOM: enchant monster (bad)
  5660 | D:6      | XOM: medium Erth miscast
  5669 | D:6      | Reached skill level 2 in Invocations
  5674 | D:6      | Found a transporter.
  5674 | D:6      | Noticed Corvidia's ghost (novice CeHu)
  5753 | D:6      | Killed Pikel
  5753 | D:6      | Reached ** piety under Okawaru
  5754 | D:6      | Reached skill level 6 in Armour
  5754 | D:6      | Reached skill level 3 in Evocations
  5759 | D:6      | Reached skill level 9 in Fighting
  5806 | D:6      | XOM: harmless Ice miscast
  5892 | D:6      | XOM: noise
  5915 | D:6      | THANKS XOM
  6290 | D:7      | XOM: mild Necr miscast
  6300 | D:6      | Reached skill level 3 in Invocations
  6300 | D:6      | Reached skill level 4 in Evocations
  6363 | D:6      | Reached XP level 10. HP: 38/83 MP: 13/13
  6478 | D:7      | XOM: confuse monster(s)
  6480 | D:7      | XOM: harmless Chrm miscast
  6578 | D:7      | Noticed Prince Ribbit
  6583 | D:7      | XOM: summons friendly shadow imp
  6602 | D:7      | Killed Prince Ribbit
  6604 | D:7      | THANK YOU XOM
  6658 | D:7      | Found a staircase to the Ecumenical Temple.
  6668 | D:7      | Noticed Menkaure
  6675 | D:7      | Found Non Qyimn's Antique Armour Shop.
  6679 | D:7      | Killed Menkaure
  6680 | D:7      | Reached skill level 11 in Axes
  6680 | D:7      | Reached skill level 5 in Evocations
  6731 | D:7      | Found a hazy altar of Hepliaklqana.
  6767 | D:7      | XOM: harmless Erth miscast
  6774 | D:7      | Reached skill level 4 in Invocations
  6896 | D:7      | Found a glowing silver altar of Zin.
  7017 | D:7      | XOM: confuse monster(s)
  7025 | D:7      | XOM: harmless Ice miscast
  7138 | D:7      | XOM: enchant monster (good)
  7140 | D:7      | THANKKKSS XOM
  7165 | D:6      | XOM: cast spell 'Cause Fear'
  7255 | D:7      | Found a shimmering altar of Xom.
  7257 | D:7      | Found a shimmering altar of Xom.
  7259 | D:7      | Found a shimmering altar of Xom.
  7259 | D:7      | Found a shimmering altar of Xom.
  7278 | D:7      | Reached skill level 6 in Evocations
  7278 | D:7      | XOM: cloud trail
  7280 | D:7      | Found a shimmering altar of Xom.
  7317 | D:7      | Found a shimmering altar of Xom.
  7317 | D:7      | Found a shimmering altar of Xom.
  7318 | D:7      | Found a shimmering altar of Xom.
  7446 | D:7      | XOM: cloud trail
  7526 | D:8      | Reached skill level 1 in Shields
  7527 | D:8      | XOM: scenery: create altars
  7538 | D:8      | Reached skill level 2 in Shields
  7552 | D:8      | XOM: summons 8 friendly demons
  7553 | D:8      | THANKS XOM
  7729 | D:8      | XOM: god gift: potion of mutation
  7750 | D:8      | Lost mutation: Your body sometimes deteriorates upon taking
                  | damage. [potion of mutation]
  7750 | D:8      | Lost mutation: You are weak. (Str -2) [potion of mutation]
  7750 | D:8      | Lost mutation: Scrolls take you a little longer to read.
                  | [potion of mutation]
  7750 | D:8      | Gained mutation: You are dopey. (Int -2) [potion of
                  | mutation]
  7750 | D:8      | Gained mutation: Your movements are slightly less
                  | encumbered by armour. (ER -2) [potion of mutation]
  7758 | D:8      | XOM: summons 2 friendly demons
  7768 | D:8      | Reached skill level 3 in Shields
  7893 | D:8      | Reached *** piety under Okawaru
  7922 | D:8      | Reached skill level 4 in Shields
  7963 | D:8      | XOM: god gift: jewelled ring mail {god gift}
  7964 | D:8      | Got a jewelled ring mail {god gift}
  8162 | D:8      | XOM: give mutations
  8162 | D:8      | Gained mutation: You can translocate small distances at
                  | will. [Xom's grace]
  8162 | D:8      | Gained mutation: You expend magic power (3 MP) to
                  | strengthen your wands. [Xom's grace]
  8186 | D:8      | Identified the +3 ring mail of Jedet {MP+9 Dex+5} (Xom
                  | gifted it to you on level 8 of the Dungeon)
  8231 | D:8      | XOM: polymorph killer bee -> ooze
  8275 | D:8      | XOM: give mutations
  8275 | D:8      | Gained mutation: You have a beak for a mouth. [Xom's grace]
  8275 | D:8      | Gained mutation: You are partially covered in yellow
                  | scales. (AC +2) [Xom's grace]
  8275 | D:8      | Gained mutation: You are agile. (Dex +2) [Xom's grace]
  8346 | D:8      | XOM: scenery: create altars
  8389 | D:8      | Reached skill level 5 in Shields
  8422 | D:8      | HP: 12/83 [poisoned by a killer bee]
  8428 | D:8      | HP: 12/83 [poisoned by a killer bee]
  8433 | D:8      | HP: 12/83 [poisoned by a killer bee]
  8855 | D:8      | Reached skill level 6 in Shields
  8941 | D:8      | XOM: cloud trail
  9074 | D:8      | XOM: divination: detect creatures
  9192 | D:8      | XOM: cast spell 'Summon Small Mammal'
  9199 | D:8      | XOM: silly message
  9209 | D:8      | HP: 8/83 [killer bee (8)]
  9211 | D:8      | Lost mutation: You expend magic power (3 MP) to strengthen
                  | your wands. [potion of mutation]
  9211 | D:8      | Lost mutation: You are agile. (Dex +2) [potion of mutation]
  9211 | D:8      | Lost mutation: You are dopey. (Int -2) [potion of mutation]
  9211 | D:8      | Gained mutation: You have a pair of small antennae on your
                  | head. [potion of mutation]
  9211 | D:8      | Gained mutation: Your spells are a little harder to cast,
                  | but a little more powerful. [potion of mutation]
  9211 | D:8      | Gained mutation: You are partially covered in slimy green
                  | scales. (AC +2) [potion of mutation]
  9212 | D:8      | HP: 3/83 [poisoned by a killer bee]
  9212 | D:8      | XOM: divination: detect creatures
  9213 | D:8      | HP: 1/83 [poisoned by a killer bee]
  9214 | D:7      | Succumbed to a killer bee's poison

Skill      XL: |  1  2  3  4  5  6  7  8  9 10 |
---------------+-------------------------------+-----
Fighting       | 4 5 6 8 9 |  9.0
Axes           | 4 5 6 7 8 10 11 | 11.2
Armour         | 3 5 6 |  6.0
Invocations    | 3 4 |  4.0
Evocations     | 4 6 |  6.0
Shields        | 6 |  6.4
Throwing       | |  0.2
Dodging        | |  1.1
Stealth        | |  0.2

Action                   |  1- 3 |  4- 6 |  7- 9 | 10-12 || total
-------------------------+-------+-------+-------+-------++-------
Melee: Hand axe          |    51 |   146 |   297 |   347 ||   841
       Peck              |       |       |       |    17 ||    17
Throw: Tomahawk          |     7 |    21 |    44 |     4 ||    76
Invok: Heroism           |       |       |       |     6 ||     6
 Abil: Hop               |       |       |     6 |     3 ||     9
Evoke: Wand              |       |       |     7 |    10 ||    17
  Use: Scroll            |     1 |     2 |     1 |     5 ||     9
       Potion            |       |     3 |     2 |     5 ||    10
 Stab: Paralysed         |       |     1 |     9 |     6 ||    16
       Confused          |       |     1 |     2 |     4 ||     7
       Invisible         |       |       |     7 |       ||     7
  Eat: Chunk             |     3 |    11 |    14 |    10 ||    38
       Ration            |       |       |     1 |     2 ||     3
Armor: Leather armour    |     9 |    31 |       |       ||    40
       Scale mail        |       |    14 |    10 |       ||    24
       Ring mail         |       |       |    97 |   198 ||   295
       Skin              |       |       |       |     1 ||     1
Dodge: Dodged            |    24 |    62 |   104 |   224 ||   414
Block: Large shield      |       |       |       |    57 ||    57

Levels and vault maps discovered:
D:1:      mainiacjoe_arrival_reflecting_pool, layout_basic
D:2:      layout_basic, uniq_jessica
D:3:      layout_basic, elyvilon_altar_5, marbit_many_paths
D:4:      layout_cave_pools, first_ration, serial_shops, shop, uniq_robin
D:5:      layout_gridville, lemuel_crystal_altar,
          amethyst_overflow_temple_binary, nicolae_overflow_hidden_temple,
          serial_shops, nicolae_shop_waterfront
D:6:      layout_gridville, vehumet_statue, gammafunk_ghost_stat_death,
          uniq_pikel
D:7:      layout_rooms, lemuel_doored_altar, overflow_temple_1_default,
          minmay_temple_entry_butterflies, serial_shops,
          nicolae_shop_overgrown_old_shop, grunt_ogre_cave, xom_redecorated,
          uniq_menkaure, uniq_prince_ribbit1
D:8:      wad_woods_minihive, layout_layer_cave, dancing_weapons_uskayaw,
          general_overflow_altar

Table legend:
 A = Turns spent in this place as a percentage of turns spent in the entire game.
 B = Non-inter-level travel turns spent in this place as a percentage of non-inter-level travel turns spent in the entire game.
 C = Inter-level travel turns spent in this place as a percentage of turns spent in this place.
 D = Turns resting spent in this place as a percentage of non-inter-level travel turns spent in this place.
 E = Turns spent auto-exploring this place as a percentage of non-inter-level travel turns spent in this place.
 F = Non-inter-level travel turns spent in this place divided by the number of levels of this place that you've seen.
                   A       B       C       D       E      F
               +-------+-------+-------+-------+-------+----------------------
         Total | 100.0 | 100.0 |   2.7 |  23.8 |  53.3 | 1121.0
       Dungeon | 100.0 | 100.0 |   2.7 |  23.8 |  53.3 | 1121.0
               +-------+-------+-------+-------+-------+----------------------

Table legend:
 A = Kills in this place as a percentage of kills in entire the game.
 B = Kills by you in this place as a percentage of kills by you in the entire game.
 C = Kills by friends in this place as a percentage of kills by friends in the entire game.
 D = Other kills in this place as a percentage of other kills in the entire game.
 E = Experience gained in this place as a percentage of experience gained in the entire game.
 F = Experience gained in this place divided by the number of levels of this place that you have seen.
                   A       B       C       D       E      F
               +-------+-------+-------+-------+-------+----------------------
         Total | 100.0 | 100.0 | 100.0 |   N/A | 100.0 | 1063.9
       Dungeon | 100.0 | 100.0 | 100.0 |   N/A | 100.0 | 1063.9
               +-------+-------+-------+-------+-------+----------------------
